AoeStats
← FinalBinkie3025

Migration

504884835Analyzed
1v1 RM · 25d ago on Sep 6, 2026· 44m 42s· 2 players
Game mode
Random Map
Map size
132×132
Population
200
Speed
Normal
Resources
Standard
Victory
Conquest
Starting age
Dark Age
Ending age
Imperial Age
RankedLock teamsTeams togetherTeam positionsShared explorationLock speedFull tech treeHidden civsTurbo modeCheats
Victory
Defeat
🇺🇸 Spanish · United States
502
+16
🇨🇱 Franks · Chile
512
-16
sebrods
7:37 Loom
11:37 Feudal Age
12:55 Wheelbarrow
12:07 Double-Bit Axe
12:10 Town Watch
12:15 Horse Collar
12:43 Fishing Lines
18:46 Castle Age
18:25 Scale Barding Armor
18:30 Forging
18:51 Gold Mining
18:51 Stone Mining
21:49 Husbandry
21:59 Bloodlines
22:17 Hand Cart
22:17 Bow Saw
23:38 Stone Mining
23:57 Town Patrol
24:37 Gillnets
26:34 Stone Shaft Mining
30:35 Chain Barding Armor
30:50 Iron Casting
36:32 Imperial Age
37:53 Medium Warships
39:10 Loom
39:30 Heavy Plow
40:32 Two-Man Saw
40:26 Plate Barding Armor
40:54 Blast Furnace
FinalBinkie3025
1:56 Loom
11:11 Feudal Age
11:38 Double-Bit Axe
11:52 Town Watch
12:43 Wheelbarrow
13:48 Gold Mining
22:27 Castle Age
23:23 Medium Warships
23:27 Town Patrol
27:12 Husbandry
29:36 Stone Mining
30:30 Fishing Lines
32:04 Hand Cart
32:32 Scale Barding Armor
34:19 Gold Shaft Mining
34:23 Scale Mail Armor
34:38 Forging
35:32 Chain Barding Armor
35:27 Chain Mail Armor
40:27 Imperial Age
43:53 Chemistry
43:07 Clinker Construction
43:10 Careening
44:01 Plate Barding Armor
43:56 Plate Mail Armor
44:02 Iron Casting
Connection lost

Rejoining the realm…

Still unreachable

The connection could not be restored.

Session expired

The server has moved on; the page needs a fresh start.